 Dungeon Crawl Stone Soup version 0.30-a0-719-gcc4359ea44 (webtiles) character file.

Game seed: 9040866185972325178

1231 browni3141 the Poker (level 8, 0/58 HPs)
             Began as a Mummy Cinder Acolyte on Jan 26, 2023.
             Was an Elder of Ignis.
             Slain by a wraith (1 damage)
             ... on level 5 of the Dungeon.
             The game lasted 00:12:18 (5795 turns).

browni3141 the Poker (Mummy Cinder Acolyte)         Turns: 5795, Time: 00:12:19

Health: 0/58       AC: 12    Str: 19    XL:     8   Next: 24%
Magic:  1/10       EV: 10    Int: 13    God:    Ignis [****..]
Gold:   214        SH:  0    Dex:  8    Spells: 7/9 levels left

rFire   . . .      SeeInvis .    a - -1 spear (flame)
rCold   + . .      Faith    +    (no shield)
rNeg    + + +      Spirit   .    f - +0 ring mail
rPois   ∞          Reflect  .    (no helmet)
rElec   .          Harm     .    (no cloak)
rCorr   .          Rampage  .    (no gloves)
Will    +....                    (no boots) Stlth
                                 i - amulet of the acrobat
HPRegen 0.29/turn                (no ring)
MPRegen 0.12/turn                (no ring)

@: fiery-armoured, slowed, very slow
A: cold resistance 1, negative energy resistance 3, torment resistance 2, heat
vulnerability 1, in touch with death 1, no potions, faith
a: Renounce Religion, Fiery Armour, Foxfire Swarm, Rising Flame


You were on level 5 of the Dungeon.
You worshipped Ignis.
Ignis was greatly pleased with you.
You visited 1 branch of the dungeon, and saw 6 of its levels.

You collected 214 gold pieces.

Inventory:

Hand Weapons
 a - a -1 spear of flaming (weapon)
 g - a +0 bardiche
 j - a +0 trident
 o - a +0 trident
Missiles
 q - 3 throwing nets
Armour
 b - a +0 robe
 f - a +0 ring mail (worn)
Jewellery
 i - an amulet of the acrobat (around neck)
 n - a ring of protection from fire
Scrolls
 c - 4 scrolls of vulnerability
 d - a scroll of immolation
 e - 2 scrolls of enchant weapon
 h - a scroll of torment
 k - 2 scrolls of silence
 l - a scroll of enchant armour
 m - a scroll of fog
 p - a scroll of fear {unknown}
 r - a scroll of magic mapping {unknown}


   Skills:
 - Level 3.0 Fighting
 * Level 7.4 Polearms
 - Level 3.0 Armour
 - Level 1.3 Spellcasting
 - Level 4.0 Fire Magic


You had 7 spell levels left.
You knew the following spells:

 Your Spells              Type           Power      Damage    Failure   Level
a - Scorch                Fire           22%        2d6       13%         2

Your spell library contained the following spells:

 Spells                   Type           Power      Damage    Failure   Level
 Freeze                   Ice            0%         1d3       41%         1
 Frozen Ramparts          Ice            0%         1d1       80%         3
 Hailstorm                Conj/Ice       0%         3d3       80%         3


Dungeon Overview and Level Annotations

Branches:
Dungeon (6/15)             Temple (0/1) D:4

Altars:
Hepliaklqana
Nemelex Xobeh
Ru
Trog


Innate Abilities, Weirdness & Mutations

You are immune to poison.
Your flesh is cold resistant. (rC+)
You are immune to negative energy. (rN+++)
You are immune to unholy pain and torment.
You are vulnerable to heat. (rF-)
You are in touch with the powers of death.
You do not drink.
You have a special connection with the divine. (Faith)


Message History

* * * LOW HITPOINT WARNING * * *
The wraith drains your vigour!
You feel as though you will be slow longer.
The wraith hits you but does no damage.
A protective cloak of flame settles atop you.
The wraith misses you.
You hit the wraith but do no damage.
The wraith is moderately damaged.
The wraith is no longer more vulnerable to fire.
The wraith barely misses you.
You hit the wraith but do no damage.
The wraith is moderately damaged.
The wraith hits you but does no damage. x2
You hit the wraith but do no damage.
The wraith is moderately damaged.
The wraith barely misses you.
You hit the wraith but do no damage.
The wraith is moderately damaged.
The wraith hits you but does no damage.
You barely miss the wraith.
The wraith is moderately damaged.
The wraith hits you but does no damage.
The wraith is burned by your cloak of flames.
The wraith is heavily damaged.
You barely miss the wraith.
The wraith is heavily damaged.
The wraith hits you!
* * * LOW HITPOINT WARNING * * *
Okay, then.
Unknown command.
You completely miss the wraith.
The wraith is heavily damaged.
The wraith hits you.
* * * LOW HITPOINT WARNING * * *
The wraith is burned by your cloak of flames.
The wraith is heavily damaged.
You barely miss the wraith.
The wraith is heavily damaged.
The wraith hits you.
You die...

#.######..'.._..#...>.##
##.. ## #.#
####.♣.♣.#....## ### .#
#.# #.....#...## .# #.#
#########'## .###.# #.#
#.# .....# #.#
#.########### .##### #.#
##.#.......... .#
#.######....######### .#
#...@W.....##...©...# .#
#######....#8..#.#z.8 ##
#.#..#z)#...#..
#....#$[.......
#..†©#_$....©..
#.#..#??.......
#.#..#$(#...#..
#....#8..#.#..8 #####
####..##.......#


You could see a wraith.

Vanquished Creatures
  Duvessa (D:6)
  A black bear (D:6)
  2 ogres (D:5)
  A centaur (D:6)
  3 scorpions (D:5)
  A necrophage (D:3)
  Dowan (D:6)
  A killer bee (D:5)
  A howler monkey (D:4)
  A jelly (D:6)
  2 hounds
  Jessica (D:3)
  3 iguanas
  An orc wizard (D:5)
  4 adders
  9 gnolls
  A worm (D:2)
  2 dart slugs
  9 orcs
  5 endoplasms
  5 giant cockroaches
  7 goblins
  6 hobgoblins
  2 jackals (D:1)
  3 kobolds
  3 quokkas
  4 ball pythons
  2 bats (D:1)
  2 frilled lizards
  5 rats
89 creatures vanquished.

Vanquished Creatures (others)
  54 foxfires
54 creatures vanquished.

Grand Total: 143 creatures vanquished

Notes
Turn   | Place    | Note
-------+----------+-------------------------------------------
     0 | D:1      | browni3141 the Mummy Cinder Acolyte began the quest for the
                  | Orb.
     0 | D:1      | Reached XP level 1. HP: 18/18 MP: 2/2
   140 | D:1      | Reached XP level 2. HP: 20/24 MP: 4/4
   150 | D:1      | Reached skill level 3 in Polearms
   282 | D:1      | Learned a level 2 spell: Scorch
   524 | D:2      | Gained mutation: You are in touch with the powers of death.
                  | [Mummy growth]
   524 | D:2      | Reached XP level 3. HP: 29/29 MP: 0/5
   897 | D:2      | Identified the +0 leather armour "Tisin" {-Cast rN+ Dex+3}
  1177 | D:3      | Noticed Jessica
  1182 | D:3      | Killed Jessica
  1183 | D:3      | Reached XP level 4. HP: 34/35 MP: 6/6
  1436 | D:3      | Reached skill level 4 in Polearms
  1759 | D:3      | Noticed a necrophage
  1768 | D:3      | Killed a necrophage
  1769 | D:3      | Reached skill level 1 in Armour
  1769 | D:3      | Reached XP level 5. HP: 40/41 MP: 2/7
  2234 | D:4      | Found a sparkling altar of Nemelex Xobeh.
  2492 | D:4      | Found a sacrificial altar of Ru.
  2518 | D:4      | Found a staircase to the Ecumenical Temple.
  3075 | D:5      | Entered Level 5 of the Dungeon
  3161 | D:5      | Found a hazy altar of Hepliaklqana.
  3161 | D:5      | Noticed a wraith
  3162 | D:5      | Found a transporter.
  3195 | D:5      | Noticed an ogre
  3223 | D:5      | Killed an ogre
  3224 | D:5      | Reached XP level 6. HP: 47/47 MP: 8/8
  3338 | D:5      | Found a bloodstained altar of Trog.
  3765 | D:5      | Found a transporter.
  3955 | D:4      | Reached XP level 7. HP: 52/52 MP: 4/9
  4163 | D:5      | Reached skill level 5 in Polearms
  4729 | D:6      | Reached skill level 6 in Polearms
  4859 | D:6      | Noticed Duvessa
  4861 | D:6      | Noticed Dowan
  5363 | D:6      | HP: 1/52 [Duvessa/+0 short sword (8)]
  5365 | D:6      | Killed Duvessa
  5367 | D:6      | Killed Dowan
  5368 | D:6      | Reached skill level 7 in Polearms
  5368 | D:6      | Reached XP level 8. HP: 2/58 MP: 1/10
  5794 | D:5      | HP: 1/58 [wraith (3)]
  5795 | D:5      | Slain by a wraith

Illustrated notes

Levels and vault maps discovered:
D:1:      doesnt_arrival_eight_statues, layout_rooms
D:2:      layout_basic, serial_bayou_lake_a
D:3:      layout_basic, serial_glass, glass_columns_b, glass_columns_a,
          corner_web_ring, uniq_jessica
D:4:      layout_gridville, lemuel_coloured_pillars_altar, old_standard_altar,
          minmay_temple_entry_antechambers, serial_co_window_serial,
          co_window_of_opportunity_a, co_window_corner_a,
          co_window_of_opportunity_a, co_window_paths_a, co_window_paths_b,
          co_window_paths_c, co_window_of_opportunity_b, co_window_broadway_b,
          co_window_of_opportunity_b, co_window_unsneaky_path_d,
          co_window_broadway_b, glass_columns_b
D:5:      layout_loops_corners, gammafunk_temple_overflow_arena,
          kennysheep_little_box, bh_walls_and_bars
D:6:      layout_cave_pools, uniq_duvessa

Skill      XL: |  1  2  3  4  5  6  7 |
---------------+----------------------+-----
Polearms       | 3 4 7 |  7.4
Fire Magic     | 3 4 |  4.0
Armour         | 1 2 3 |  3.0
Fighting       | |  3.0
Spellcasting   | |  1.3

Action                     |  1- 3 |  4- 6 |  7- 9 || total
---------------------------+-------+-------+-------++-------
  Melee: Spear             |   109 |   161 |   128 ||   398
         Punch             |       |       |     3 ||     3
  Throw: Stone             |     2 |       |       ||     2
   Cast: Scorch            |     2 |    24 |    41 ||    67
 Invoke: Foxfire Swarm     |       |     1 |     2 ||     3
         Fiery Armour      |       |       |     1 ||     1
    Use: Scroll            |       |     5 |     2 ||     7
 Armour: Robe              |    13 |       |       ||    13
         Ring mail         |    10 |    38 |    49 ||    97
  Dodge: Dodged            |    32 |    93 |    99 ||   224

Table legend: (Time is in decaauts)
 A = Elapsed time spent in this place.
 B = Non-inter-level travel time spent in this place.
 C = Inter-level travel time spent in this place.
 D = Time resting spent in this place.
 E = Time spent auto-exploring this place.
 F = Levels seen in this place.
 G = Mean time per level.
                   A        B        C        D        E       F      G
               +--------+--------+--------+--------+--------+-----+--------+
         Total |   5791 |   5491 |    300 |    412 |   4005 |   6 |  965.2 |
       Dungeon |   5791 |   5491 |    300 |    412 |   4005 |   6 |  965.2 |
               +--------+--------+--------+--------+--------+-----+--------+

Top non-repeatable levels by time:
     D:5: 1937 daAuts
     D:3: 977 daAuts
     D:4: 972 daAuts
     D:2: 762 daAuts
     D:6: 719 daAuts
     D:1: 421 daAuts
